 Dungeon Crawl Stone Soup version 0.31.0-11-ge490571c62 (webtiles) character file.

Game seed: 12717908250449152590

74 qw the Shooter (level 4, -1/25 HPs)
             Began as a Deep Elf Hunter on Feb 4, 2024.
             Slain by Natasha (2 damage)
             ... on level 2 of the Dungeon.
             The game lasted 00:00:04 (1255 turns).

qw the Shooter (Deep Elf Hunter)                    Turns: 1255, Time: 00:00:04

Health: -1/25      AC:  6    Str: 10    XL:     4   Next: 10%
Magic:  6/6        EV:  9    Int: 14    God:
Gold:   131        SH:  0    Dex: 18    Spells: 3/3 levels left

rFire   . . .        a - +1 shortbow
rCold   . . .        (shield currently unavailable)
rNeg    . . .        d - +0 scale mail
rPois   .            (no helmet)
rElec   .            (no cloak)
rCorr   .            (no gloves)
SInv    .            (no boots)
Will    .....        (no amulet)
Stlth   +            (no ring)
HPRegen 0.24/turn    (no ring)
MPRegen 0.10/turn

%: no passive effects
@: no status effects
A: no striking features
a: no special abilities


You were on level 2 of the Dungeon.
You visited 1 branch of the dungeon, and saw 2 of its levels.

You collected 131 gold pieces.


   Skills:
 - Level 1.5 Fighting
 + Level 7.5 Ranged Weapons
 - Level 2.4 Dodging
 - Level 1.2 Stealth


You had 3 spell levels left.
You didn't know any spells.
Your spell library was empty.

Inventory:

Hand Weapons
 a - a +1 shortbow (weapon)
Armour
 c - a +1 pair of gloves
 d - a +0 scale mail (worn)
Scrolls
 b - a scroll of teleportation {unknown}
 e - a scroll of identify {unknown}

Dungeon Overview and Level Annotations

Branches:
Dungeon (2/15)

Altars:

Annotations:
D:2 Natasha


Message History

You shoot an arrow. The arrow hits the kobold.
The kobold is severely wounded.
You shoot an arrow. The arrow hits the kobold.
You kill the kobold!
Things that are here:
a +0 club; a kobold corpse You now have 131 gold pieces (gained 18).
A hobgoblin comes into view.
The hobgoblin shouts!
You shoot an arrow. The arrow hits the hobgoblin.
The hobgoblin is almost dead.
The hobgoblin closely misses you.
You shoot an arrow. The arrow hits the hobgoblin.
You kill the hobgoblin!
You see here a staff of cold.
Natasha, Servant of Life and Death comes into view.
Natasha hisses angrily.
Natasha casts a spell at you. The magic dart hits you.
1248 ||| FLEEEEING.
Natasha casts a spell at you. The magic dart hits you.
1249 ||| FLEEEEING.
1250 ||| FLEEEEING.
You shoot an arrow. The arrow barely misses Natasha.
You shoot an arrow. The arrow hits Natasha.
Natasha is lightly wounded.
Natasha stares at you and mumbles some strange words.
The magic dart hits you!
You shoot an arrow. The arrow hits Natasha.
Natasha is moderately wounded.
You shoot an arrow. The arrow hits Natasha.
Natasha is severely wounded.
Natasha claws you but does no damage. Natasha claws you.
You shoot an arrow.
The arrow hits Natasha but does no damage.
Natasha is severely wounded.
Natasha claws you.
You die...
Natasha begins licking her fur clean.

#.# ###....#######....#.....###.#
#.# #.......#######....#.####..
#.# ###.#........>#........##..
#.# #.#......##...######..... #.#
#.#......##..### ####.# #.#
#.##.....##....#######).# #.#
#.##......#.##.....##.... #.#
####.##.....<#.######....[#. #.#
##.....#)...@...######.###.#.
#.###..........h..#.....)..##....
...................=..<.#####....
.................##.....# #....
.............###.###....# #....
.................# #....# #....
.............##### #....# #....
.............# #....# #####
.........>...# #.<..#


You could see Natasha.

Vanquished Creatures
  Natasha (D:2)
  An adder (D:2)
  A dart slug (D:1)
  A ribbon worm (D:2)
  2 bats (D:2)
  4 endoplasms
  2 giant cockroaches (D:2)
  6 goblins
  4 hobgoblins
  3 quokkas
  2 ball pythons
  A frilled lizard (D:1)
  2 kobolds
  5 rats
35 creatures vanquished.

Notes
Turn   | Place    | Note
-------+----------+-------------------------------------------
     0 | D:1      | qw the Deep Elf Hunter began the quest for the Orb.
     0 | D:1      | Reached XP level 1. HP: 12/12 MP: 3/3
     0 | D:1      | 0 ||| qw: Version: 0.3-a-160-g6735b56
     0 | D:1      | 0 ||| qw: Game counter: 4573
     0 | D:1      | 0 ||| qw: Melee chars always use a shield: true
     0 | D:1      | 0 ||| qw: God list: Okawaru
     0 | D:1      | 0 ||| qw: Allow faded altars: false
     0 | D:1      | 0 ||| qw: Do Orc after clearing Dungeon:15 true
     0 | D:1      | 0 ||| qw: Do second Lair branch before Depths: true
     0 | D:1      | 0 ||| qw: Lair rune preference: random
     0 | D:1      | 0 ||| qw: Goals: Normal
     0 | D:1      | 0 ||| PLANNING D:1-11
   114 | D:1      | Reached skill level 6 in Ranged Weapons
   114 | D:1      | Reached XP level 2. HP: 16/16 MP: 4/4
   700 | D:1      | 700 ||| UPGRADING to +0 scale mail.
   710 | D:1      | 710 ||| DROPPING +0 leather armour.
   711 | D:1      | 711 ||| DROPPING ring of wizardry.
   712 | D:1      | 712 ||| READING scroll labelled ETTETA XA UBBE.
   712 | D:1      | 712 ||| ENCHANTING +0 shortbow.
   713 | D:1      | 713 ||| DROPPING scroll of butterflies.
   759 | D:2      | 759 ||| DROPPING +6 ring of intelligence.
   846 | D:2      | Reached XP level 3. HP: 20/20 MP: 5/5
  1007 | D:2      | Noticed Natasha
  1009 | D:2      | Killed Natasha
  1010 | D:2      | Reached skill level 7 in Ranged Weapons
  1078 | D:2      | Reached XP level 4. HP: 25/25 MP: 6/6
  1247 | D:2      | Noticed Natasha
  1248 | D:2      | 1248 ||| FLEEEEING.
  1249 | D:2      | 1249 ||| FLEEEEING.
  1250 | D:2      | 1250 ||| FLEEEEING.
  1254 | D:2      | HP: 1/25 [Natasha (6)]
  1255 | D:2      | Slain by Natasha

Levels and vault maps discovered:
D:1:      spicycebolla_arrival_ecumenical, layout_basic, minmay_pentomino_r4
D:2:      layout_rooms, uniq_natasha

Skill      XL: |  1  2  3 |
---------------+----------+-----
Ranged Weapons | 6 7 |  7.5
Fighting       | |  1.5
Dodging        | |  2.4
Stealth        | |  1.2

Action                     |  1- 3 |  4- 6 || total
---------------------------+-------+-------++-------
   Fire: Shortbow          |    79 |     9 ||    88
    Use: Scroll            |     1 |       ||     1
 Armour: Leather armour    |     1 |       ||     1
         Scale mail        |     8 |     6 ||    14
  Dodge: Dodged            |     8 |     1 ||     9

Table legend:
 A = Non-vault XP
 B = Vault XP
 C = Vault XP percentage of total XP
 D = Non-vault monster count
 E = Vault monster count
 F = Vault count percentage of total count
                 A         B        C        D         E       F
            +---------+---------+-------+---------+---------+-------
      Total |      66 |      41 |  38.3 |      31 |       4 |  11.4
            +---------+---------+-------+---------+---------+-------
        D:1 |      20 |       6 |  23.1 |      11 |       3 |  21.4
        D:2 |      46 |      35 |  43.2 |      20 |       1 |   4.8
            +---------+---------+-------+---------+---------+-------
